 Dungeon Crawl Stone Soup version 0.29-a0-384-g6960b1960d (webtiles) character file.

Game seed: 11858574052780601099

8964 jfcaron the Blocker (level 11, -20/89 HPs)
             Began as a Gnoll Fighter on May 5, 2022.
             Was the Champion of Zin.
             Killed from afar by an acid dragon (29 damage)
             ... with a splash of acid
             ... on level 10 of the Dungeon on May 6, 2022.
             The game lasted 00:33:21 (9219 turns).

jfcaron the Blocker (Gnoll Fighter)                 Turns: 9219, Time: 00:33:22

Health: -20/89     AC:  7    Str: 28    XL:     11   Next: 39%
Magic:  19/20      EV: 10    Int:  9    God:    Zin [******]
Gold:   308        SH:  7    Dex: 18    Spells: 20/22 levels left

rFire   . . .      SeeInvis .   u - +4 spear of Cyudd {freeze, Dex+4}
rCold   . . .      Faith    .   c - +0 buckler
rNeg    . . .      Spirit   .   N - +0 plate armour
rPois   ∞          Reflect  .   h - +2 hat
rElec   .          Harm     .   (no cloak)
rCorr   .          Rampage  .   f - +2 pair of gloves
Will    .....                   (no boots)
Stlth   ..........              I - amulet of regeneration
HPRegen 1.04/turn               G - +4 ring of slaying
MPRegen 0.17/turn               v - +6 ring of strength

@: vitalised, about to teleport, corroded, on recite cooldown
A: fangs 1, strong nose, distributed training
a: Renounce Religion, Recite, Vitalisation, Imprison, Sanctuary, Donate Gold


You were on level 10 of the Dungeon.
You worshipped Zin.
Zin was exalted by your worship.
You visited 1 branch of the dungeon, and saw 10 of its levels.

You collected 787 gold pieces.
You spent 401 gold pieces at shops.
You donated 78 gold pieces to Zin.

Inventory:

Hand Weapons
 j - a +3 whip of venom
 u - the +4 spear of Cyudd (weapon) {freeze, Dex+4}
   (You found it on level 2 of the Dungeon)

   It freezes those it strikes, dealing additional cold damage.
   It can also slow down cold-blooded creatures.
   Dex:       It affects your dexterity (+4).
 y - a +4 trident
 D - a +2 whip of freezing
 F - a +1 morningstar of protection
 P - the +9 hand axe "Earthworm" {vorpal, Dex+2}
   (You found it on level 9 of the Dungeon)

   It inflicts extra damage upon your enemies.
   Dex:       It affects your dexterity (+2).
 Q - a +3 hand axe of flaming
Missiles
 g - 374 stones (quivered)
 i - 11 javelins
 w - 12 poisoned darts
Armour
 b - a +0 scale mail
 c - a +0 buckler (worn)
 f - a +2 pair of gloves (worn)
 h - a +2 hat (worn)
 H - a +0 helmet
 N - a +0 plate armour (worn)
 R - the +1 helmet of the Robin {Harm rElec Int+5}
   (You found it on level 10 of the Dungeon)

   Int:       It affects your intelligence (+5).
   rElec:     It insulates you from electricity.
   Harm:      It increases damage dealt and taken.
Magical Staves
 C - a staff of fire
Jewellery
 a - an amulet of reflection
 r - a ring of protection from cold
 v - a +6 ring of strength (right hand)
 G - a +4 ring of slaying (left hand)
 I - an amulet of regeneration (around neck)
Wands
 B - a wand of digging (9)
Scrolls
 k - 2 scrolls of teleportation
 m - 2 scrolls of amnesia
 o - 2 scrolls of blinking {unknown}
 t - 3 scrolls of magic mapping
 E - a scroll of immolation
 J - a scroll of brand weapon
 L - a scroll of identify
 M - a scroll of summoning {unknown}
 O - a scroll of enchant armour
Potions
 d - a potion of might
 e - a potion of cancellation
 l - a potion of haste
 n - 2 potions of curing
 p - 2 potions of flight
 q - 2 potions of berserk rage {unknown}
 s - a potion of heal wounds
 x - 2 potions of brilliance
 z - 2 potions of attraction {unknown}
 A - a potion of ambrosia {unknown}
 K - a potion of magic {unknown}
 S - a potion of resistance {unknown}


   Skills:
 + Level 9.1 Fighting
 + Level 6.2 Short Blades
 + Level 6.2 Long Blades
 + Level 6.2 Axes
 + Level 7.8 Maces & Flails
 + Level 6.2 Polearms
 + Level 6.2 Staves
 + Level 6.2 Slings
 + Level 6.2 Bows
 + Level 6.2 Crossbows
 + Level 6.2 Throwing
 + Level 9.1 Armour
 + Level 6.2 Dodging
 + Level 6.2 Stealth
 + Level 9.1 Shields
 + Level 6.2 Unarmed Combat
 + Level 6.2 Spellcasting
 + Level 5.1 Conjurations
 + Level 5.1 Hexes
 + Level 5.1 Summonings
 + Level 5.1 Necromancy
 + Level 5.1 Translocations
 + Level 5.1 Transmutations
 + Level 5.1 Fire Magic
 + Level 5.1 Ice Magic
 + Level 5.1 Air Magic
 + Level 5.1 Earth Magic
 + Level 5.1 Poison Magic
 + Level 6.8 Invocations
 + Level 6.2 Evocations


You had 20 spell levels left.
You knew the following spells:

 Your Spells              Type           Power      Damage    Failure   Level
a - Blink                 Tloc           24%        N/A       38%         2

Your spell library contained the following spells:

 Spells                   Type           Power      Damage    Failure   Level
 Sublimation of Blood     Necr           12%        N/A       38%         2
 Call Canine Familiar     Summ           12%        N/A       63%         3
 Gell's Gravitas          Tloc           12%        N/A       63%         3
 Inner Flame              Hex/Fire       12%        N/A       63%         3
 Lesser Beckoning         Tloc           12%        N/A       63%         3
 Portal Projectile        Hex/Tloc       24%        N/A       63%         3
 Teleport Other           Tloc           12%        N/A       63%         3
 Animate Dead             Necr           6%         N/A       95%         4
 Cause Fear               Hex            6%         N/A       95%         4
 Leda's Liquefaction      Hex/Erth       6%         N/A       95%         4
 Petrify                  Tmut/Erth      12%        N/A       95%         4
 Borgnjor's Vile Clutch   Necr/Erth      6%         N/A       100%        5
 Irradiate                Conj/Tmut      6%         3d15      100%        5
 Manifold Assault         Tloc           12%        N/A       100%        5
 Death Channel            Necr           6%         N/A       100%        6
 Dispersal                Tloc           6%         N/A       100%        6
 Discord                  Hex            6%         N/A       100%        8


Dungeon Overview and Level Annotations

Branches:
Dungeon (10/15)            Temple (0/1) D:7            Lair (0/6) D:9
    Orc: D:9-12

Altars:
Elyvilon
Fedhas
Qazlal
Vehumet
Wu Jian
Zin
The Shining One

Shops:
D:1 (   D:7 *?=


Innate Abilities, Weirdness & Mutations

You have very sharp teeth.
Your uncanny sense of smell can sniff out nearby items.
Your experience applies equally to all skills.


Message History

The acid dragon is lightly wounded.
You block the acid dragon's attack.
The acid dragon claws you but does no damage.
You closely miss the acid dragon.
The acid dragon is lightly wounded.
The orc warrior closely misses you.
The orc wizard gestures wildly while chanting.
The orc wizard flickers and vanishes!
Deactivating autopickup; reactivate with Ctrl-A.
You block the acid dragon's attack. The acid dragon claws you.
You hit the acid dragon. You freeze the acid dragon.
The acid dragon is moderately wounded.
The orc warrior barely misses you. The acid dragon closely misses you.
The acid dragon claws you.
You hit the acid dragon. You freeze the acid dragon.
You bite the acid dragon, but do no damage.
The acid dragon is moderately wounded.
The orc warrior hits you from afar with a +0 halberd!
You hit the acid dragon. You freeze the acid dragon.
The acid dragon is heavily wounded.
The acid dragon misses you. The acid dragon claws you.
The orc warrior is lost in a daze.
You hit the acid dragon. You freeze the acid dragon.
The acid dragon is severely wounded.
The acid dragon spits acid at you. The splash of acid hits you!
* * * LOW HITPOINT WARNING * * *
The acid corrodes you!
You hit the acid dragon but do no damage.
You bite the acid dragon, but do no damage.
The acid dragon is severely wounded.
You block the orc warrior's attack. The acid dragon bites you!
* * * LOW HITPOINT WARNING * * *
The acid dragon misses you.
Okay, then.
As you read the scroll of teleportation, it crumbles to dust.
You feel strangely unstable. The acid dragon spits acid at you.
The splash of acid hits you!!
You die...

#>........................†.....
..##..########.#####.#.#.####.##
### #.# #.#.#.# #.## o #.#
#.#.#.# #.## o.
#.#####.#.#.####.# o..
#.....#.#.#.#≈≈#.# ♣♣..
#.###.#.#.#.≈≈≈≈.# [$...
########.#.#.#.≈≈≈≈.#
.....≈#..oD@.#.#.#........≈#
♣..†o####.#.#.#.≈.≈≈≈≈≈≈≈
.....≈######.#.#.≈.≈.≈≈≈≈≈≈≈
..[.. #......#.#.≈.≈.≈≈≈≈≈≈≈
♣♣.. #..........≈≈≈.≈≈≈≈≈≈≈ ...
#......#.###≈≈.≈≈≈≈≈≈≈ ..
#####....# ##≈.≈≈≈≈≈≈# ≈
#......#.#####.≈≈≈≈≈#
######...........##.≈≈≈≈##


You could see an orc warrior (dazed), an acid dragon (catching breath) and an
orc wizard.

Vanquished Creatures
  A two-headed ogre (D:9)
  Pikel (D:5)
  An elephant (D:9)
  A gargoyle (D:5)
  A kobold demonologist (D:6)
  A hornet (D:6)
  17 yaks
  A wraith (D:10)
  Grum (D:7)
  A basilisk (D:9)
  3 water moccasins
  2 black bears
  A sky beast (D:8)
  3 orc warriors
  2 ice beasts
  2 wolves
  5 centaurs
  2 bullfrogs
  3 scorpions
  8 wights
  11 killer bees
  An electric eel (D:10)
  4 howler monkeys
  A jelly (D:6)
  5 hounds
  3 orc priests
  A gnoll shaman (D:9)
  2 iguanas
  10 orc wizards
  12 adders
  7 gnolls
  A shadow imp (D:7)
  2 white imps (D:5)
  2 ufetubi
  4 worms
  3 dart slugs
  25 orcs
  9 ball pythons
  6 endoplasms
  A giant cockroach (D:3)
  4 hobgoblins
  5 jackals
  7 bats
  2 frilled lizards
  10 goblins
  10 kobolds
  6 rats
  A fungus (D:9)
  A plant (D:9)
213 creatures vanquished.

Notes
Turn   | Place    | Note
-------+----------+-------------------------------------------
     0 | D:1      | jfcaron the Gnoll Fighter began the quest for the Orb.
     0 | D:1      | Reached XP level 1. HP: 23/23 MP: 1/1
   228 | D:1      | Reached XP level 2. HP: 29/29 MP: 2/2
   543 | D:1      | Found Disiaw's Antique Weapon Shoppe.
   749 | D:1      | Found a faded altar of an unknown god.
   757 | D:1      | Prayed at the altar of an unknown god.
   757 | D:1      | Became a worshipper of Zin the Law-Giver
   757 | D:1      | Reached * piety under Zin
   820 | D:2      | Reached XP level 3. HP: 35/35 MP: 3/3
   888 | D:2      | Reached ** piety under Zin
   904 | D:2      | Reached skill level 1 in Invocations
  1013 | D:2      | Reached skill level 1 in Short Blades
  1013 | D:2      | Reached skill level 1 in Long Blades
  1013 | D:2      | Reached skill level 1 in Axes
  1013 | D:2      | Reached skill level 1 in Polearms
  1013 | D:2      | Reached skill level 1 in Staves
  1013 | D:2      | Reached skill level 1 in Slings
  1013 | D:2      | Reached skill level 1 in Bows
  1013 | D:2      | Reached skill level 1 in Crossbows
  1013 | D:2      | Reached skill level 1 in Throwing
  1013 | D:2      | Reached skill level 1 in Dodging
  1013 | D:2      | Reached skill level 1 in Stealth
  1013 | D:2      | Reached skill level 1 in Unarmed Combat
  1013 | D:2      | Reached skill level 1 in Spellcasting
  1013 | D:2      | Reached skill level 1 in Evocations
  1120 | D:2      | Reached XP level 4. HP: 41/41 MP: 5/5
  1433 | D:2      | Reached *** piety under Zin
  1456 | D:2      | Identified the +4 spear of Cyudd {freeze, Dex+4}
  2145 | D:3      | Reached skill level 1 in Conjurations
  2145 | D:3      | Reached skill level 1 in Hexes
  2145 | D:3      | Reached skill level 1 in Summonings
  2145 | D:3      | Reached skill level 1 in Necromancy
  2145 | D:3      | Reached skill level 1 in Translocations
  2145 | D:3      | Reached skill level 1 in Transmutations
  2145 | D:3      | Reached skill level 1 in Fire Magic
  2145 | D:3      | Reached skill level 1 in Ice Magic
  2145 | D:3      | Reached skill level 1 in Air Magic
  2145 | D:3      | Reached skill level 1 in Earth Magic
  2145 | D:3      | Reached skill level 1 in Poison Magic
  2375 | D:3      | Reached XP level 5. HP: 47/47 MP: 5/7
  2460 | D:3      | Found an ornate altar of the Wu Jian Council.
  2461 | D:3      | Found a blossoming altar of Fedhas.
  2462 | D:3      | Found a radiant altar of Vehumet.
  2462 | D:3      | Found a stormy altar of Qazlal.
  3211 | D:4      | Reached XP level 6. HP: 53/53 MP: 8/8
  3377 | D:4      | Reached skill level 5 in Maces & Flails
  3380 | D:4      | HP: 5/53 [killer bee (8)]
  3695 | D:4      | Reached XP level 7. HP: 54/59 MP: 10/10
  3980 | D:5      | Entered Level 5 of the Dungeon
  4063 | D:5      | Reached **** piety under Zin
  4854 | D:5      | Noticed a gargoyle
  4859 | D:5      | Killed a gargoyle
  4860 | D:5      | Reached XP level 8. HP: 66/67 MP: 12/12
  4900 | D:5      | Reached ***** piety under Zin
  5205 | D:6      | Noticed Pikel
  5250 | D:5      | Killed Pikel
  5251 | D:5      | Reached XP level 9. HP: 61/73 MP: 13/15
  5493 | D:6      | Found a glowing golden altar of the Shining One.
  5495 | D:6      | Noticed a kobold demonologist
  5503 | D:6      | Noticed a sixfirhy
  5504 | D:6      | Killed a kobold demonologist
  6066 | D:6      | Noticed a hornet
  6071 | D:6      | Killed a hornet
  6254 | D:7      | Found Huaciles's Jewellery Shoppe.
  6258 | D:7      | Bought an amulet of regeneration for 360 gold pieces
  6437 | D:7      | Reached skill level 5 in Invocations
  6572 | D:7      | Found a staircase to the Ecumenical Temple.
  6646 | D:7      | Found Syzom's Magic Scroll Emporium.
  6668 | D:7      | Bought a scroll of identify for 26 gold pieces
  6720 | D:7      | Found Goadavum's General Store.
  6966 | D:7      | Bought a potion of degeneration for 15 gold pieces
  7013 | D:8      | Reached XP level 10. HP: 75/80 MP: 17/17
  7064 | D:8      | Noticed Grum
  7078 | D:8      | HP: 14/80 [Grum/-1 glaive (24)]
  7079 | D:8      | HP: 5/80 [Grum/-1 glaive (9)]
  7152 | D:7      | Killed Grum
  7153 | D:7      | Reached skill level 5 in Short Blades
  7153 | D:7      | Reached skill level 5 in Long Blades
  7153 | D:7      | Reached skill level 5 in Axes
  7153 | D:7      | Reached skill level 5 in Polearms
  7153 | D:7      | Reached skill level 5 in Staves
  7153 | D:7      | Reached skill level 5 in Slings
  7153 | D:7      | Reached skill level 5 in Bows
  7153 | D:7      | Reached skill level 5 in Crossbows
  7153 | D:7      | Reached skill level 5 in Throwing
  7153 | D:7      | Reached skill level 5 in Dodging
  7153 | D:7      | Reached skill level 5 in Stealth
  7153 | D:7      | Reached skill level 5 in Unarmed Combat
  7153 | D:7      | Reached skill level 5 in Spellcasting
  7153 | D:7      | Reached skill level 5 in Evocations
  7496 | D:8      | Identified the +1 robe "Patian" {Int+2}
  7502 | D:8      | Found a white marble altar of Elyvilon.
  8003 | D:9      | Noticed a two-headed ogre
  8010 | D:9      | Noticed an elephant
  8019 | D:9      | Killed a two-headed ogre
  8030 | D:9      | Killed an elephant
  8031 | D:9      | Reached XP level 11. HP: 86/87 MP: 19/19
  8110 | D:9      | Found a staircase to the Lair.
  8205 | D:9      | Reached ****** piety under Zin
  8248 | D:9      | Reached skill level 5 in Conjurations
  8248 | D:9      | Reached skill level 5 in Hexes
  8248 | D:9      | Reached skill level 5 in Summonings
  8248 | D:9      | Reached skill level 5 in Necromancy
  8248 | D:9      | Reached skill level 5 in Translocations
  8248 | D:9      | Reached skill level 5 in Transmutations
  8248 | D:9      | Reached skill level 5 in Fire Magic
  8248 | D:9      | Reached skill level 5 in Ice Magic
  8248 | D:9      | Reached skill level 5 in Air Magic
  8248 | D:9      | Reached skill level 5 in Earth Magic
  8248 | D:9      | Reached skill level 5 in Poison Magic
  8266 | D:9      | Learned a level 2 spell: Blink
  8554 | D:9      | Identified the +9 hand axe "Earthworm" {vorpal, Dex+2}
  8591 | D:10     | Entered Level 10 of the Dungeon
  8714 | D:10     | Upgraded the game from 0.29-a0-380-gf50f0a9fbc to
                  | 0.29-a0-384-g6960b1960d
  8899 | D:10     | Identified the +1 helmet of the Robin {Harm rElec Int+5}
  9216 | D:10     | HP: 16/89 [acid dragon/splash of acid (12)]
  9217 | D:10     | HP: 7/89 [acid dragon (9)]
  9219 | D:10     | Killed from afar by an acid dragon

Illustrated notes

Levels and vault maps discovered:
D:1:      lightli_arrival_statue_moat, layout_basic,
          ebering_ecumenical_altar_abandoned, serial_shops, nicolae_shop_crystal
D:2:      layout_loops_ring, minmay_vboxes
D:3:      layout_loops_ring, mainiacjoe_overflow_alcove_3
D:4:      layout_basic
D:5:      layout_gridville
D:6:      layout_loops_corners, mainiacjoe_overflow_alcove_2, uniq_pikel
D:7:      layout_basic, minmay_temple_entry_tees, serial_shops, shop,
          nicolae_shop_hallway_stairs, nicolae_stop_n_shop_2
D:8:      layout_cave_pools, lemuel_coloured_pillars_altar, uniq_grum
D:9:      layout_basic, david_lair_generic, evilmike_butchery
D:10:     layout_basic, serial_shops, shop, minmay_splitting_lines,
          kennysheep_generic_room_16

Skill      XL: |  1  2  3  4  5  6  7  8  9 10 11 |
---------------+----------------------------------+-----
Invocations    | 1 2 3 4 5 6 |  6.8
Short Blades   | 1 2 3 4 5 6 |  6.2
Long Blades    | 1 2 3 4 5 6 |  6.2
Axes           | 1 2 3 4 5 6 |  6.2
Polearms       | 1 2 3 4 5 6 |  6.2
Staves         | 1 2 3 4 5 6 |  6.2
Slings         | 1 2 3 4 5 6 |  6.2
Bows           | 1 2 3 4 5 6 |  6.2
Crossbows      | 1 2 3 4 5 6 |  6.2
Throwing       | 1 2 3 4 5 6 |  6.2
Dodging        | 1 2 3 4 5 6 |  6.2
Stealth        | 1 2 3 4 5 6 |  6.2
Unarmed Combat | 1 2 3 4 5 6 |  6.2
Spellcasting   | 1 2 3 4 5 6 |  6.2
Evocations     | 1 2 3 4 5 6 |  6.2
Conjurations   | 1 2 3 4 5 |  5.1
Hexes          | 1 2 3 4 5 |  5.1
Summonings     | 1 2 3 4 5 |  5.1
Necromancy     | 1 2 3 4 5 |  5.1
Translocations | 1 2 3 4 5 |  5.1
Transmutations | 1 2 3 4 5 |  5.1
Fire Magic     | 1 2 3 4 5 |  5.1
Ice Magic      | 1 2 3 4 5 |  5.1
Air Magic      | 1 2 3 4 5 |  5.1
Earth Magic    | 1 2 3 4 5 |  5.1
Poison Magic   | 1 2 3 4 5 |  5.1
Maces & Flails | 5 6 7 |  7.8
Fighting       | 7 8 9 |  9.1
Armour         | 7 8 9 |  9.1
Shields        | 7 8 9 |  9.1

Action                   |  1- 3 |  4- 6 |  7- 9 | 10-12 || total
-------------------------+-------+-------+-------+-------++-------
Melee: Flail             |    52 |       |       |       ||    52
       Whip              |    38 |    28 |    17 |    15 ||    98
       Bite              |     6 |     2 |    19 |    24 ||    51
       Spear             |       |    85 |    66 |   170 ||   321
       Dagger            |       |       |    29 |       ||    29
       Morningstar       |       |       |    55 |    38 ||    93
Throw: Stone             |    87 |    67 |    50 |    37 ||   241
       Dart              |       |       |    25 |    23 ||    48
       Boomerang         |       |       |    10 |       ||    10
Invok: Recite            |       |    10 |     8 |    15 ||    33
       Vitalisation      |       |       |     1 |     2 ||     3
  Use: Scroll            |     1 |     8 |     6 |     5 ||    20
       Potion            |       |     1 |       |     1 ||     2
 Stab: Invisible         |       |     2 |       |     4 ||     6
       Confused          |       |     1 |       |     2 ||     3
       Paralysed         |       |       |     1 |    10 ||    11
Armor: Scale mail        |    29 |    28 |    58 |    61 ||   176
       Plate armour      |       |       |       |    37 ||    37
Dodge: Dodged            |    36 |    25 |    90 |    96 ||   247
Block: Buckler           |    25 |    24 |    41 |    77 ||   167

Table legend: (Time is in decaauts)
 A = Elapsed time spent in this place.
 B = Non-inter-level travel time spent in this place.
 C = Inter-level travel time spent in this place.
 D = Time resting spent in this place.
 E = Time spent auto-exploring this place.
 F = Levels seen in this place.
 G = Mean time per level.
                   A        B        C        D        E       F      G
               +--------+--------+--------+--------+--------+-----+--------+
         Total |   9200 |   8679 |    521 |   1218 |   5736 |  10 |  920.0 |
       Dungeon |   9200 |   8679 |    521 |   1218 |   5736 |  10 |  920.0 |
               +--------+--------+--------+--------+--------+-----+--------+

Top non-repeatable levels by time:
     D:4: 1297 daAuts
     D:6: 1183 daAuts
     D:2: 1112 daAuts
     D:5: 1099 daAuts
     D:9: 854 daAuts
     D:1: 825 daAuts
     D:7: 819 daAuts
     D:3: 767 daAuts
    D:10: 627 daAuts
     D:8: 613 daAuts
